 Dungeon Crawl Stone Soup version 0.17-a0-1572-g7a1422d (webtiles) character file.

111 Hocok the Ducker (level 4, -24/22 HPs)
             Began as a Felid Berserker on July 26, 2015.
             Was a Follower of Ashenzari.
             Annihilated by a polar bear (26 damage)
             ... created by the rage of Trog
             ... on level 4 of the Dungeon.
             The game lasted 00:13:36 (5008 turns).

Hocok the Ducker (Felid Berserker)                  Turns: 5008, Time: 00:13:36

Health: -24/22     AC:  1    Str: 12 (14) XL:     4   Next: 62%
Magic:  5/5        EV: 20    Int:  8      God:    Ashenzari [*.....]
Gold:   177        SH:  0    Dex: 15      Spells: 0 memorised, 3 levels left
                                        Lives:  0   Deaths: 1

rFire  . . .     SeeInvis +       - Unarmed
rCold  . . .     Clarity  .     (armour unavailable)
rNeg   . . .     SustAt   .     (shield unavailable)
rPois  +         Gourm    .     (helmet unavailable)
rElec  .         Spirit   .     (cloak unavailable)
rCorr  .         Warding  .     (gloves unavailable)
rMut   .         Stasis   .     (boots unavailable)
MR     .....                    (no amulet)
Stlth  +++.......               (no ring)
                                (no ring)

@: quick, not resistant to hostile enchantments, fairly stealthy
A: no armour, no weapons or thrown items, claws 1, fangs 3, see invisible,
carnivore 3, speed 1, sense surroundings 1, poison resistance, shaggy fur 1,
slow metabolism 1, sharp paws
a: Scrying, Renounce Religion


You were on level 4 of the Dungeon.
You worshipped Ashenzari.
Ashenzari was aware of your devotion.
You were not hungry.

You visited 1 branch of the dungeon, and saw 4 of its levels.

You collected 177 gold pieces.

Inventory:

Scrolls
 c - a scroll of teleportation
 d - a scroll of magic mapping {unknown}
 e - a scroll of fear {unknown}
 h - 3 scrolls of enchant armour {unknown}
 l - a scroll of recharging {unknown}
Potions
 b - 2 potions of mutation
 i - a potion of degeneration {unknown}
 j - 2 potions of lignification {unknown}
 k - a potion of agility {unknown}
Comestibles
 a - a royal jelly
 f - a beef jerky


   Skills:
 + Level 3.9 Fighting
 + Level 5.5 Dodging
 + Level 2.8 Stealth
 + Level 4.1 Unarmed Combat


You had 3 spell levels left.
You didn't know any spells.

Dungeon Overview and Level Annotations

Branches:
Dungeon (4/15)
 Temple: D:4-7

Altars:
Ashenzari


Innate Abilities, Weirdness & Mutations

You cannot wear armour.
You are incapable of wielding weapons or throwing items.
You have sharp claws.
You have razor-sharp teeth.
You have supernaturally acute eyesight.
You are carnivorous and can eat meat at any time.
You cover ground quickly.
You are covered in fur (AC +1).
You have a slow metabolism.
Your sharp claws are effective at attacking unaware monsters.
You passively map a small area around you.
Your system is resistant to poisons.


Message History

Okay, then.
Drink which item? (? for menu, Esc to quit)
It was a potion of curing.
You feel better.
You start resting.
Trog sends monsters to punish you. 3 polar bears and 2 black bears come into view.
The polar bear bites you!
Ouch! That really hurt!
The polar bear barely misses you. The polar bear closely misses you.
The polar bear misses you. The polar bear claws you.
* * * LOW HITPOINT WARNING * * *
The polar bear misses you.
The black bear rages.
The polar bear completely misses you. The polar bear barely misses you.
The polar bear completely misses you.
The polar bear rages.
The black bear rages.
The polar bear bites you!!
Ouch! That really hurt!
You die...

.#.#.#.## .......#
##########
.#.#.#.####........#
..........#........#
......+>..'........#
.#....###+#........#
.##+##.............#
.....'.........#.#.#
.##+##..........@..#
#....######..h#h#.#
+....# #..h.h..#
#....# #....h###
,#....######....####
#.........###.....#
+.........# #.....#
+#.........# #.....#
......<....# #.....#


You could see 3 polar bears and 2 black bears.

Vanquished Creatures
  Crazy Yiuf (D:3)
  Ijyb (D:3)
  Jessica (D:2)
  2 adders
  An ooze (D:2)
  3 worms
  2 giant geckos (D:1)
  2 orcs
  3 ball pythons
  3 giant cockroaches
  8 goblins
  5 hobgoblins
  A quokka (D:2)
  5 bats
  5 giant newts
  6 jackals (D:3)
  8 kobolds
  7 rats
64 creatures vanquished.

Notes
Turn   | Place    | Note
--------------------------------------------------------------
     0 | D:1      | Hocok the Felid Berserker began the quest for the Orb.
     0 | D:1      | Reached XP level 1. HP: 10/10 MP: 2/2
   506 | D:1      | Reached XP level 2. HP: 11/14 MP: 3/3
  1856 | D:2      | Reached skill level 1 in Stealth
  1856 | D:2      | Reached XP level 3. HP: 13/17 MP: 4/4
  2061 | D:2      | Acquired Trog's second power
  2579 | D:2      | Noticed Jessica
  2589 | D:2      | Killed Jessica
  2589 | D:2      | Reached XP level 4. HP: 13/22 MP: 5/5
  3003 | D:2      | Found a faded altar to an unknown god.
  3052 | D:2      | Fell from the grace of Trog
  3052 | D:2      | Became a worshipper of Ashenzari the Shackled
  3052 | D:2      | Acquired Ashenzari's first power
  3192 | D:3      | Noticed Ijyb
  3864 | D:3      | Killed Ijyb
  3864 | D:3      | Reached skill level 5 in Dodging
  4411 | D:3      | Noticed Crazy Yiuf
  4416 | D:3      | Paralysed by Crazy Yiuf for 7 turns
  4418 | D:3      | Slain by Crazy Yiuf
  4419 | D:3      | Reached XP level 3. HP: -4/18 MP: 4/4
  4429 | D:3      | Reached XP level 4. HP: 22/22 MP: 5/5
  4467 | D:3      | Killed Crazy Yiuf
  4842 | D:4      | Gained mutation: You passively map a small area around you. [potion of mutation]
  4842 | D:4      | Gained mutation: Your system is resistant to poisons. [potion of mutation]
  4998 | D:4      | Noticed a polar bear
  4998 | D:4      | Noticed a polar bear
  4998 | D:4      | Noticed a black bear
  4998 | D:4      | Noticed a black bear
  4998 | D:4      | Noticed a polar bear
  5008 | D:4      | Annihilated by a polar bear

Vault maps used:
D:1:      kilobyte_arrival_exit_the_forest
D:2:      ecumenical_altar_1, serial_forest, infiniplex_forest_lined_room_,
          infiniplex_forest_lined_room_2, infiniplex_forest_end_2,
          infiniplex_forest_clump_double, infiniplex_forest_corner_1,
          infiniplex_forest_corner_1, infiniplex_forest_lined_room_2,
          uniq_jessica
D:3:      uniq_crazy_yiuf_cottage, uniq_iyjb
D:4:      serial_glass, glass_columns_a, glass_columns_b, glass_columns_b,
          glass_columns_b, glass_columns_b, glass_columns_b, glass_columns_a,
          glass_columns_a, glass_columns_b, glass_columns_b,
          hangedman_decor_lopped, due_unseen_surprise

Action                   |  1- 3 |  4- 6 || total
-------------------------+-------+-------++-------
Melee: Unarmed           |   121 |   119 ||   240
  Use: Scroll            |     1 |       ||     1
       Potion            |       |     2 ||     2
 Stab: Sleeping          |     6 |     1 ||     7
       Distracted        |       |     1 ||     1
  Eat: Meat ration       |     1 |       ||     1
